 Dungeon Crawl Stone Soup version 0.20-a0-270-g8e735b6 (webtiles) character file.

8654 Faca the Cleaver (level 11, -2/93 HPs)
             Began as a Formicid Fighter on Dec 10, 2016.
             Was a High Priest of Okawaru.
             Slain by a death yak (12 damage)
             ... on level 9 of the Dungeon.
             The game lasted 00:28:24 (7053 turns).

Faca the Cleaver (Formicid Fighter)                 Turns: 7053, Time: 00:28:24

Health: -2/93      AC: 16    Str: 29    XL:     11   Next: 59%
Magic:  11/11      EV:  9    Int:  8    God:    Okawaru [*****.]
Gold:   593        SH: 13    Dex: 13    Spells: 10/10 levels left

rFire  . . .     SeeInvis +     l - +0 battleaxe
rCold  . . .     Gourm    .     r - +0 plate armour
rNeg   . . .     Faith    .     c - +0 shield
rPois  .         Spirit   .     (helmet unavailable)
rElec  .         Reflect  .     (no cloak)
rCorr  .         Harm     .     f - +2 pair of gloves
MR     ++...                    (no boots)
Stlth  ..........               j - amulet of regeneration
                                h - +3 ring of strength
                                q - ring of protection from magic

@: mighty
A: permanent stasis, dig shafts and tunnels, four strong arms, antennae 3,
robust 1
a: Dig, Shaft Self, Heroism, Finesse, Renounce Religion


You were on level 9 of the Dungeon.
You worshipped Okawaru.
Okawaru was extremely pleased with you.
You were not hungry.

You visited 2 branches of the dungeon, and saw 12 of its levels.

You collected 593 gold pieces.

Inventory:

Hand Weapons
 l - a +0 battleaxe (weapon)
 v - a +2 broad axe of chopping
Armour
 c - a +0 shield (worn)
 f - a +2 pair of gloves (worn)
 r - a +0 plate armour (worn)
Jewellery
 h - a +3 ring of strength (right hand)
 j - an amulet of regeneration (around neck)
 n - an uncursed ring of resist corrosion
 q - a ring of protection from magic (left hand)
Wands
 w - a wand of acid (15/15)
Scrolls
 i - 3 scrolls of enchant armour
 o - a scroll of recharging
 t - 3 scrolls of enchant weapon
 u - 3 scrolls of remove curse
 x - 2 scrolls of magic mapping
 y - a scroll of summoning
Potions
 d - a potion of might
 e - 8 potions of curing
 k - 2 potions of cancellation
 m - 3 potions of degeneration {unknown}
 p - a potion of agility
 s - 2 potions of brilliance {unknown}
Miscellaneous
 a - a fan of gales
Comestibles
 b - 3 meat rations
 g - 6 bread rations


   Skills:
 + Level 7.7 Fighting
 + Level 12.0 Axes
 + Level 7.7 Armour
 + Level 2.3 Dodging
 + Level 10.3 Shields


You had 10 spell levels left.
You didn't know any spells.

Dungeon Overview and Level Annotations

Branches:
Dungeon (11/15)            Temple (1/1) D:5             Orc (0/2) D:9
   Lair: D:8-11

Altars:
Ashenzari
Cheibriados
Dithmenos
Elyvilon
Fedhas
Gozag
Hepliaklqana
Kikubaaqudgha
Makhleb
Nemelex Xobeh
Okawaru
Qazlal
Ru
Sif Muna
Trog
Uskayaw
Vehumet
Xom
Yredelemnul
Zin
The Shining One

Shops:
D:5 =


Innate Abilities, Weirdness & Mutations

You cannot be hasted, slowed, berserked, paralysed or teleported.
You can dig through walls and to a lower floor.
Your four strong arms can wield two-handed weapons with a shield.
You have a pair of large antennae on your head. (SInv)
You are robust. (+10% HP)


Message History

The death yak gores you!
You hit the death yak.
The death yak is severely wounded.
You barely miss the death yak. The death yak misses you.
The death yak closely misses you. The death yak gores you!
You hit the death yak.
The death yak is severely wounded.
You slash the death yak! The death yak gores you!!
* * * LOW HITPOINT WARNING * * *
You block the death yak's attack.
You feel very mighty all of a sudden. The death yak gores you!
* * * LOW HITPOINT WARNING * * *
You block the death yak's attack.
You slice the death yak!!
You kill the death yak!
Okawaru is honoured by your kill.
Your Axes skill increases to level 12!
You slash the death yak! The death yak gores you!
You die...

#..#......#..#...# #..
#..........#.#...# ####..
#............#...# #.....
###.##.#######...# ##.....
#....#........#### #......
####.............########......
##..........#...)##.........
#..........†.......##......
#.........@Y)..............
#...........#######......?.
##....<.....## #......#.
##..........#### ##.......
######........####....<#.
########............
###..#....#.. #.#...#.#..
###...###...#


You could see a death yak.

Vanquished Creatures
  Gastronok (D:8)
  A death yak (D:9)
  Joseph (D:8)
  Grinder (D:3)
  The ghost of Papayamessiah the Shield-Bearer, an amateur GrFi of Makhleb (D:4)
  2 hippogriffs
  A spriggan (D:7)
  Sigmund (D:2)
  A wyvern (D:8)
  A hungry ghost (D:6)
  3 sky beasts
  4 ice beasts
  5 orc warriors
  3 black bears
  A necrophage (D:3)
  3 phantoms
  7 ogres
  A centaur (D:9)
  3 bullfrogs
  A scorpion (D:9)
  A wyvern skeleton (D:10)
  10 killer bees
  3 wights (D:7)
  2 crimson imps
  2 jellies (D:9)
  5 hounds
  3 bullfrog skeletons
  9 orc priests
  4 iguanas
  15 orc wizards
  7 worker ants
  3 hound skeletons
  A howler monkey zombie (D:6)
  2 worker ant zombies
  Robin (D:2)
  5 adders
  A shadow imp (D:8)
  2 oozes
  2 adder zombies
  An adder skeleton (D:4)
  A worm (D:4)
  3 dart slugs
  4 leopard geckos
  52 orcs
  2 ball pythons (D:1)
  5 bats
  5 giant cockroaches
  8 hobgoblins
  4 jackals (D:3)
  6 quokkas
  4 frilled lizards
  6 goblins
  A jackal skeleton (D:4)
  4 kobolds
  A leopard gecko skeleton (D:6)
  A quokka skeleton (D:7)
  4 rats
232 creatures vanquished.

Vanquished Creatures (collateral kills)
  A killer bee (D:7)
  An orc wizard (D:7)
  2 orcs (D:7)
4 creatures vanquished.

Grand Total: 236 creatures vanquished

Notes
Turn   | Place    | Note
-------+----------+-------------------------------------------
     0 | D:1      | Faca the Formicid Fighter began the quest for the Orb.
     0 | D:1      | Reached XP level 1. HP: 18/18 MP: 1/1
   141 | D:1      | Reached XP level 2. HP: 23/24 MP: 2/2
   656 | D:2      | Reached XP level 3. HP: 29/29 MP: 3/3
   664 | D:2      | Found a burning altar of Makhleb.
   823 | D:2      | Noticed Sigmund
   832 | D:2      | Killed Sigmund
   832 | D:2      | Reached skill level 3 in Axes
   832 | D:2      | Reached XP level 4. HP: 31/37 MP: 4/4
   832 | D:2      | Reached XP level 5. HP: 35/42 MP: 5/5
  1071 | D:2      | Noticed Robin
  1074 | D:2      | Reached XP level 6. HP: 48/48 MP: 6/6
  1092 | D:2      | Killed Robin
  1092 | D:2      | Reached skill level 5 in Shields
  1447 | D:3      | Reached skill level 4 in Axes
  1573 | D:3      | Noticed a necrophage
  1592 | D:3      | Killed a necrophage
  1592 | D:3      | Reached XP level 7. HP: 45/54 MP: 7/7
  1609 | D:3      | Found a shadowy altar of Dithmenos.
  1609 | D:3      | Found a faded altar of an unknown god.
  1614 | D:3      | Found a deep blue altar of Sif Muna.
  1616 | D:3      | Found a faded altar of an unknown god.
  1617 | D:3      | Found a white marble altar of Elyvilon.
  1740 | D:3      | Noticed Grinder
  1755 | D:3      | Killed Grinder
  1755 | D:3      | Reached skill level 5 in Axes
  1830 | D:4      | Reached skill level 5 in Armour
  1830 | D:4      | Reached skill level 1 in Dodging
  1833 | D:4      | Reached XP level 8. HP: 42/61 MP: 8/8
  1896 | D:4      | Noticed Papayamessiah's ghost (amateur GrFi)
  2065 | D:4      | Killed Papayamessiah's ghost
  2065 | D:4      | Reached skill level 6 in Axes
  2392 | D:5      | Entered Level 5 of the Dungeon
  2407 | D:5      | Found a shattered altar of Ashenzari.
  2697 | D:5      | Found Jirhoc's Jewellery Boutique.
  2707 | D:5      | Reached skill level 5 in Fighting
  2710 | D:5      | Reached skill level 7 in Axes
  2889 | D:5      | Found a staircase to the Ecumenical Temple.
  2895 | Temple   | Entered the Ecumenical Temple
  2917 | Temple   | Became a worshipper of Warmaster Okawaru
  3155 | D:6      | Reached XP level 9. HP: 36/68 MP: 9/9
  3210 | D:6      | Reached * piety under Okawaru
  3405 | D:6      | Reached skill level 8 in Axes
  4046 | D:6      | Reached ** piety under Okawaru
  4251 | D:6      | Reached skill level 9 in Axes
  4498 | D:7      | Gained mutation: You are robust. (+10% HP) [potion of beneficial mutation]
  4539 | D:7      | Found a stormy altar of Qazlal.
  4564 | D:7      | Reached XP level 10. HP: 76/83 MP: 10/10
  5114 | D:7      | Reached *** piety under Okawaru
  5270 | D:7      | You fall through a shaft for 3 floors!
  5270 | D:10     | Entered Level 10 of the Dungeon
  5347 | D:8      | Noticed Joseph
  5369 | D:8      | Killed Joseph
  5369 | D:8      | Reached skill level 10 in Axes
  5684 | D:8      | Noticed Gastronok
  5699 | D:8      | Killed Gastronok
  5699 | D:8      | Reached **** piety under Okawaru
  5699 | D:8      | Received a gift from Okawaru
  5699 | D:8      | Reached ***** piety under Okawaru
  5699 | D:8      | Reached skill level 11 in Axes
  5699 | D:8      | Reached XP level 11. HP: 68/92 MP: 11/11
  5917 | D:8      | Found an iron altar of Okawaru.
  6400 | D:9      | Found a staircase to the Orcish Mines.
  6433 | D:9      | Reached skill level 10 in Shields
  6907 | D:9      | Received a gift from Okawaru
  6925 | D:9      | You fall through a shaft for 2 floors!
  7035 | D:10     | Noticed a death yak
  7035 | D:10     | Noticed a death yak
  7040 | D:10     | Noticed a death yak
  7053 | D:9      | Killed a death yak
  7053 | D:9      | Reached skill level 12 in Axes
  7053 | D:9      | Slain by a death yak

Vault maps used:
D:1:      minmay_arrival_checkered_box
D:2:      overflow_temple_1_default, uniq_sigmund, uniq_robin
D:3:      chequers_temple_overflow_minitemple, uniq_grinder
D:4:      first_bread
D:5:      ashenzari_conservatory_becter, serial_shops, shop
D:7:      grunt_qazlal_clouds, hangedman_decor_lopped, the_bakery
D:8:      basic_altar, uniq_gastronok, uniq_joseph
D:9:      david_orc_2, hangedman_decor_opposing
D:10:     kennysheep_orc_sif_temple, dpeg_lair_monsters, uniq_sonja
D:11:     serial_shops, nicolae_shop_crystal
Temple:   regret_index_temple_waves

Skill      XL: |  1  2  3  4  5  6  7  8  9 10 11 |
---------------+----------------------------------+-----
Shields        | 4 5 6 8 9 10 | 10.3
Axes           | 3 4 5 7 9 11 12 | 12.0
Armour         | 4 5 6 7 |  7.7
Fighting       | 4 5 6 7 |  7.7
Dodging        | 1 2 |  2.3

Action                   |  1- 3 |  4- 6 |  7- 9 | 10-12 || total
-------------------------+-------+-------+-------+-------++-------
Melee: War axe           |    70 |   115 |   251 |       ||   436
       Battleaxe         |       |       |   104 |   340 ||   444
  Use: Scroll            |     4 |     2 |     9 |     4 ||    19
       Potion            |       |       |     3 |     4 ||     7
  Eat: Bread ration      |       |     1 |     3 |     1 ||     5
       Meat ration       |       |       |       |     1 ||     1
       Pizza             |       |       |       |     1 ||     1
       Beef jerky        |       |       |       |     1 ||     1
Armor: Scale mail        |    28 |    44 |    12 |       ||    84
       Plate armour      |       |       |   143 |   159 ||   302
       Skin              |       |       |     3 |       ||     3
Dodge: Dodged            |    32 |    41 |    82 |   122 ||   277
Block: Shield            |    44 |    78 |   202 |   255 ||   579
